Map: Dusk Towers

Players

GraVe - Winner!

  • Race: Protoss Protoss
  • League: Master

Miszu

  • Race: Zerg Zerg

VOD

Have the link to the VOD?

Description

Time

  • Played on: July 2, 2016, 10:03 a.m.
  • Length: 15:25
Show
View Real Time Build Order
Export as new Build Order

GraVe Protoss - Winner!

Build Orders: 1 Gate Expand, Phoenix Opening 

Get SALT Encoding   

  12  0:01  Probe (Chrono Boost)  
  13  0:11  Probe (Chrono Boost)  
  14  0:18  Pylon  
  14  0:22  Probe (Chrono Boost)  
  15  0:36  Probe (Chrono Boost)  
  15  0:37  Gateway  
  16  0:42  Assimilator  
  16  0:46  Probe (Chrono Boost)  
  18  0:57  Probe (Chrono Boost)  
  18  1:07  Probe (Chrono Boost)  
  19  1:20  Nexus  
  19  1:30  Cybernetics Core  
  19  1:33  Probe (Chrono Boost)  
  20  1:41  Assimilator  
  20  1:44  Probe (Chrono Boost)  
  21  1:50  Pylon  
  21  1:54  Probe (Chrono Boost)  
  22  2:05  Probe (Chrono Boost)  
  23  2:11  Adept, Warp Gate  
  25  2:16  Probe (Chrono Boost)  
  26  2:26  Probe (Chrono Boost)  
  27  2:31  Stargate  
  27  2:34  Probe (Chrono Boost)  
  27  2:37  Probe (Chrono Boost)  
  29  2:38  Adept (Chrono Boost)  
  31  2:49  Probe x2 (Chrono Boost)  
  32  2:59  Probe  
  32  3:01  Mothership Core (Chrono Boost)  
  35  3:08  Zealot (Chrono Boost)  
  35  3:11  Probe (Chrono Boost)  
  38  3:14  Phoenix  
  40  3:21  Probe (Chrono Boost)  
  40  3:22  Probe (Chrono Boost)  
  42  3:31  Probe (Chrono Boost)  
  42  3:32  Probe (Chrono Boost)  
  44  3:42  Gateway, Probe (Chrono Boost)  
  44  3:43  Probe (Chrono Boost)  
  44  3:44  Gateway  
  44  3:53  Probe (Chrono Boost)  
  44  3:54  Probe (Chrono Boost)  
  46  4:08  Pylon  
  46  4:11  Pylon  
  46  4:20  Nexus  
  46  4:22  Pylon  
  46  4:24  Pylon  
  46  4:26  Probe x2 (Chrono Boost), Phoenix (Chrono Boost)  
  46  4:28  Adept  
  52  4:37  Probe (Chrono Boost)  
  52  4:38  Probe  
  53  4:41  Pylon  
  54  4:47  Sentry x2  
  54  4:50  Phoenix (Chrono Boost)  
  60  5:01  Adept, Probe  
  60  5:02  Probe  
  60  5:06  Assimilator x2  
  64  5:11  Phoenix (Chrono Boost), Probe  
  64  5:13  Adept x2  
  71  5:15  Probe  
  72  5:22  Gateway  
  72  5:27  Gateway  
  72  5:32  Probe  
  73  5:35  Zealot x2  
  73  5:36  Robotics Facility  
  77  5:46  Probe, Phoenix (Chrono Boost)  
  77  5:48  Probe  
  81  5:56  Pylon  
  81  5:58  Probe x2  
  81  6:00  Probe  
  84  6:05  Adept x3  
  84  6:08  Probe x2  
  92  6:12  Probe  
  92  6:16  Phoenix (Chrono Boost)  
  95  6:18  Forge  
  95  6:21  Probe  
  95  6:22  Probe  
  95  6:23  Pylon  
  97  6:27  Probe  
  97  6:29  Adept x2  
  97  6:31  Probe  
  102  6:38  Protoss Ground Weapons Level 1 (Chrono Boost)  
  101  6:47  Immortal (Chrono Boost)  
  101  6:54  Twilight Council  
  101  6:56  Pylon  
  101  6:58  Zealot x3  
  101  7:00  Pylon  
  107  7:03  Pylon  
  107  7:05  Zealot x2  
  107  7:07  Phoenix  
  113  7:12  Pylon  
  113  7:18  Pylon  
  113  7:19  Zealot x3  
  119  7:34  Zealot x2  
  107  7:41  Immortal (Chrono Boost)  
  107  7:43  Probe  
  107  7:44  Probe  
  105  7:49  Templar Archives  
  109  7:54  Probe  
  109  7:55  Probe  
  109  7:56  Probe  
  112  8:00  Assimilator x2  
  112  8:02  Gateway  
  112  8:03  Gateway  
  112  8:05  Gateway x2, Zealot x4  
  120  8:06  Probe  
  120  8:08  Probe  
  120  8:09  Robotics Facility  
  122  8:13  Warp Prism  
  124  8:28  Zealot x4  
  124  8:33  High Templar  
  134  8:49  High Templar x3  
  134  8:53  Archon, Protoss Ground Weapons Level 2  
  134  8:55  Immortal  
  140  9:02  Observer  
  145  9:04  High Templar, Archon  
  145  9:06  High Templar  
  145  9:08  Nexus, Pylon  
  149  9:10  Pylon  
  149  9:11  Pylon  
  149  9:12  Archon  
  149  9:13  Pylon x2  
  149  9:19  Pylon  
  149  9:24  Immortal  
  153  9:30  Charge (Chrono Boost)  
  153  9:35  Immortal  
  155  9:46  Zealot x8  
  155  9:49  Oracle  
  162  10:09  Immortal  
  162  10:12  High Templar x2, Immortal  
  166  10:18  Archon  
  166  10:20  Zealot x6  
  180  10:43  Immortal  
  180  10:44  Zealot x6  
  175  11:02  Zealot x3  
  179  11:05  High Templar x2  
  179  11:06  High Templar x2  
  179  11:07  High Templar x2  
  191  11:14  Archon  
  191  11:15  Archon  
  191  11:16  Archon, Immortal  
  195  11:20  Assimilator  
  195  11:21  Assimilator  
  195  11:24  Gateway, Photon Cannon  
  195  11:26  Gateway  
  195  11:39  Zealot x2  
  199  11:50  Protoss Ground Weapons Level 3  
  163  12:04  Zealot x9  
  177  12:12  Fleet Beacon  
  177  12:15  Warp Prism  
  165  12:26  Nexus  
  153  12:40  Psionic Storm  
  153  12:41  Zealot x9  
  171  12:45  Probe  
  172  12:52  Stargate  
  172  12:54  Stargate  
  172  12:55  Pylon  
  172  12:57  High Templar x2  
  176  13:03  Tempest  
  176  13:05  High Templar x3  
  186  13:09  Dark Shrine  
  186  13:26  Photon Cannon  
  186  13:27  Photon Cannon  
  186  13:30  Pylon  
  186  13:33  Pylon  
  186  13:37  Tempest  
  186  13:38  Tempest  
  194  13:44  Anion Pulse-Crystals  
  194  14:00  Pylon  
  194  14:06  Pylon  
  194  14:07  Photon Cannon  
  194  14:16  Photon Cannon x2  
  194  14:18  Photon Cannon  
  194  14:22  Assimilator  
  194  14:31  Tempest  
  198  14:38  Observer  
  198  14:43  Observer  
  200  14:50  Photon Cannon  
  194  15:11  Zealot x7  
  198  15:19  Zealot x2  
Show
View Real Time Build Order
Export as new Build Order

Miszu Zerg 

Build Orders: Hatch First, Lurkers 

Get SALT Encoding   

  12  0:00  Drone  
  13  0:13  Overlord  
  13  0:17  Drone  
  14  0:31  Drone x2  
  16  0:36  Drone  
  17  0:54  Hatchery  
  16  0:59  Drone x2  
  18  1:13  Extractor  
  18  1:15  Spawning Pool  
  18  1:16  Drone  
  17  1:22  Drone  
  18  1:30  Overlord  
  18  1:43  Drone  
  19  1:53  Drone  
  20  2:06  Queen  
  20  2:07  Queen  
  20  2:08  Zergling x4  
  26  2:11  Zergling x2  
  26  2:14  Metabolic Boost  
  27  2:19  Drone  
  28  2:23  Drone  
  28  2:27  Drone  
  30  2:34  Drone  
  31  2:39  Drone  
  32  2:47  Hatchery  
  32  2:49  Drone x2  
  33  2:55  Pneumatized Carapace  
  33  2:59  Overlord  
  33  3:02  Drone  
  34  3:09  Queen  
  35  3:37  Drone x8  
  43  3:44  Spore Crawler  
  43  3:47  Drone  
  43  3:49  Overlord  
  43  3:56  Spore Crawler  
  43  3:57  Lair  
  43  3:59  Drone x3  
  43  4:00  Extractor x2  
  43  4:02  Spore Crawler  
  42  4:12  Drone x4  
  46  4:21  Spore Crawler  
  45  4:27  Drone x4  
  45  4:30  Overlord  
  45  4:31  Overlord  
  49  4:46  Overlord  
  49  4:57  Zergling x12  
  49  4:58  Zergling x14, Hydralisk Den  
  61  5:05  Overlord x2  
  61  5:06  Drone  
  62  5:08  Drone  
  62  5:10  Drone  
  62  5:11  Drone  
  65  5:15  Drone  
  65  5:20  Drone  
  67  5:26  Drone x4  
  67  5:27  Drone x3  
  74  5:31  Muscular Augments  
  74  5:35  Drone x2  
  75  5:45  Queen  
  75  5:47  Hydralisk  
  75  5:48  Hydralisk x2  
  82  5:54  Overlord x2  
  80  6:02  Hydralisk x2  
  84  6:04  Hydralisk  
  84  6:05  Hydralisk  
  88  6:11  Hydralisk  
  88  6:12  Hydralisk x2  
  88  6:15  Hydralisk  
  88  6:16  Hydralisk x2  
  98  6:21  Hydralisk x2  
  102  6:26  Hydralisk  
  104  6:34  Overlord  
  104  6:35  Overlord  
  100  6:41  Overlord x2  
  100  6:50  Lurker Den  
  100  6:53  Overlord x2  
  100  6:56  Extractor x2  
  100  6:58  Evolution Chamber  
  100  7:00  Evolution Chamber  
  100  7:01  Hydralisk x3  
  96  7:05  Drone x2  
  96  7:07  Extractor, Drone, Hatchery  
  103  7:10  Drone x3  
  103  7:13  Drone  
  107  7:16  Drone x3  
  107  7:19  Drone  
  107  7:20  Drone  
  107  7:21  Drone  
  111  7:35  Hydralisk  
  111  7:36  Hydralisk x5  
  105  7:41  Hydralisk  
  101  7:46  Hydralisk  
  101  7:47  Hydralisk  
  103  7:54  Overlord  
  103  7:57  Zergling x4  
  103  7:58  Zergling x14  
  112  8:01  Overseer  
  112  8:07  Hydralisk x2  
  116  8:13  Zerg Missile Weapons Level 1  
  116  8:14  Zerg Ground Armor Level 1  
  116  8:17  Zergling x6  
  116  8:18  Zergling x4  
  121  8:26  Lurker x2  
  123  8:28  Overlord x3  
  123  8:40  Lurker  
  123  8:41  Lurker  
  122  8:52  Hydralisk x4  
  122  8:54  Zergling x20  
  140  8:56  Overlord  
  140  9:06  Lurker x2  
  140  9:08  Overlord x2  
  140  9:09  Queen  
  142  9:13  Overseer  
  144  9:21  Hydralisk x2, Lurker  
  144  9:22  Hydralisk  
  151  9:26  Drone x4  
  151  9:27  Drone x2  
  147  9:38  Hydralisk  
  147  9:39  Hydralisk x3  
  147  9:41  Overlord  
  147  9:44  Hydralisk  
  157  9:50  Hydralisk  
  157  9:54  Queen  
  151  10:04  Hydralisk  
  151  10:05  Hydralisk x4  
  156  10:14  Spore Crawler  
  153  10:16  Overlord, Extractor  
  153  10:17  Extractor  
  153  10:19  Zergling x12  
  157  10:22  Hydralisk  
  115  10:59  Zergling x2  
  115  11:00  Zergling x8  
  115  11:02  Zergling x10  
  115  11:03  Zergling x8, Hydralisk  
  118  11:04  Hydralisk  
  118  11:05  Hydralisk x4  
  118  11:07  Lurker x2  
  118  11:08  Lurker  
  118  11:10  Lurker  
  132  11:12  Lurker  
  133  11:19  Lurker  
  133  11:22  Drone x3  
  133  11:23  Drone x3  
  140  11:28  Drone x3  
  143  11:43  Lurker x3  
  94  12:04  Hydralisk x2  
  91  12:11  Hydralisk  
  85  12:20  Zergling x32  
  97  12:31  Drone x4  
  99  12:46  Drone x4  
  99  12:50  Drone  
  104  12:57  Zerg Missile Weapons Level 2  
  104  13:00  Drone  
  104  13:03  Drone  
  104  13:05  Drone  
  107  13:09  Drone  
  107  13:10  Drone  
  107  13:12  Drone  
  110  13:14  Drone  
  110  13:17  Drone  
  112  13:30  Lurker x6  
  112  13:31  Lurker  
  120  13:48  Drone x3  
  120  13:49  Drone x2  
  120  13:52  Infestation Pit  
  120  14:18  Spore Crawler  
  120  14:20  Spore Crawler  
  120  14:22  Hydralisk x4  
  120  14:23  Hydralisk x5  
  127  14:39  Drone x3  
  129  14:47  Hatchery  
  131  14:52  Drone x3  
  131  14:53  Drone  
  131  14:55  Drone  
Tags
 
Add a new tag
Caveats
  • Supply blocks, unpowered buildings, or Contaminate may cause inaccurate times.
  • Supply counts are checked every 10 seconds.